Map: Ascension to Aiur LE

Players

SamuraiFunn

  • Race: Protoss Protoss
  • League: Platinum
  • Spawn Location: 11:00

A.I. 1 (Elite) - Winner!

  • Race: Terran Terran
  • Spawn Location: 5:00

VOD

Have the link to the VOD?

Description

Time

  • Played on: Nov. 26, 2017, 10:22 p.m.
  • Length: 10:41
Show
View Real Time Build Order
Export as new Build Order

SamuraiFunn Protoss 

Build Orders:  

Get SALT Encoding   

  12  0:01  Probe  
  13  0:13  Probe  
  14  0:22  Pylon  
  14  0:25  Probe  
  15  0:40  Probe  
  16  0:45  Gateway  
  16  0:52  Probe (Chrono Boost)  
  17  1:01  Assimilator  
  17  1:04  Probe (Chrono Boost)  
  19  1:12  Probe (Chrono Boost)  
  19  1:18  Probe, Gateway  
  20  1:28  Pylon  
  20  1:30  Probe  
  21  1:34  Cybernetics Core  
  21  1:51  Probe  
  21  1:52  Assimilator  
  22  1:57  Zealot (Chrono Boost)  
  24  2:13  Probe, Nexus  
  25  2:26  Probe  
  26  2:31  Pylon  
  26  2:32  Warp Gate (Chrono Boost)  
  26  2:47  Probe  
  27  2:54  Twilight Council  
  27  2:59  Probe, Stalker  
  30  3:07  Stalker  
  30  3:11  Probe  
  33  3:17  Pylon  
  33  3:23  Probe  
  33  3:25  Probe  
  35  3:29  Assimilator  
  35  3:37  Probe  
  35  3:38  Probe  
  37  3:45  Templar Archives  
  37  3:50  Probe x2  
  39  4:02  Probe, Stalker  
  42  4:03  Probe  
  42  4:05  Stalker  
  45  4:11  Blink  
  45  4:15  Probe  
  46  4:18  Probe  
  47  4:27  Probe  
  47  4:30  Probe  
  49  4:31  Assimilator  
  49  4:39  Probe  
  49  4:42  Probe  
  51  4:47  Psionic Storm  
  51  4:51  Gateway, Probe  
  51  4:52  Gateway  
  52  4:54  Probe  
  53  5:03  Probe  
  53  5:04  Pylon  
  53  5:06  Probe  
  55  5:11  High Templar  
  57  5:15  Probe  
  57  5:19  High Templar  
  60  5:22  Probe  
  60  5:27  Probe  
  62  5:34  Probe  
  63  5:39  Probe  
  63  5:40  Nexus  
  64  5:46  Probe  
  65  5:51  Pylon  
  65  5:52  Probe  
  65  5:53  Pylon  
  65  5:56  Pylon  
  66  5:58  Probe  
  66  6:04  Probe  
  68  6:05  Stalker  
  68  6:10  Probe  
  71  6:11  Stalker x3  
  77  6:23  Probe x2  
  79  6:27  Assimilator  
  79  6:30  High Templar  
  79  6:31  Assimilator  
  81  6:35  High Templar x3  
  87  6:44  Probe x2  
  89  6:53  Probe  
  90  6:56  Probe x2  
  92  7:05  Probe, Stalker  
  92  7:07  Stalker  
  92  7:08  Stalker x2  
  101  7:10  Probe x2  
  103  7:22  Probe  
  104  8:06  Nexus  
  104  8:07  Gateway  
  104  8:09  Pylon  
  104  8:10  Pylon  
  104  8:11  Gateway  
  104  8:12  Gateway  
  104  8:13  Assimilator, Stalker x2  
  104  8:14  Gateway  
  104  8:16  Gateway  
  104  8:17  Assimilator  
  108  8:21  Pylon x2  
  108  8:34  Pylon  
  108  8:38  Pylon  
  108  8:43  Stalker x3  
  108  8:44  Pylon, Stalker  
  116  9:13  Pylon  
  116  9:16  Pylon  
  116  9:19  Pylon  
  116  9:22  Pylon  
  74  9:52  Stalker  
  74  9:53  Stalker x3  
  82  10:06  Robotics Facility  
  82  10:07  Robotics Facility  
  82  10:09  Robotics Facility  
  80  10:16  Stalker  
  80  10:17  Stalker x2  
  80  10:18  Stalker x2  
  80  10:19  Stalker x2  
  80  10:20  Stalker  
Show
View Real Time Build Order
Export as new Build Order

A.I. 1 (Elite) Terran - Winner!

Build Orders: Mech 

Get SALT Encoding   

  12  0:00  SCV  
  13  0:13  SCV  
  14  0:19  Supply Depot  
  14  0:25  SCV  
  15  0:29  Refinery  
  15  0:40  SCV  
  16  0:47  Barracks  
  16  0:53  SCV  
  17  1:05  SCV  
  17  1:09  Supply Depot  
  18  1:17  SCV  
  19  1:29  SCV  
  20  1:37  Factory, Marine  
  21  1:44  Barracks  
  21  1:45  SCV  
  22  1:55  Marine  
  22  1:57  SCV  
  24  2:01  Supply Depot  
  24  2:09  SCV  
  24  2:13  Marine  
  26  2:21  SCV  
  26  2:22  Factory Tech Lab  
  27  2:30  Marine  
  27  2:33  SCV  
  27  2:35  Marine  
  30  2:43  Siege Tank  
  33  2:45  SCV  
  34  3:04  SCV  
  35  3:05  Command Center  
  35  3:16  Orbital Command  
  35  3:19  Refinery  
  35  3:37  Factory, Marine  
  35  3:40  Marine  
  37  3:43  SCV  
  39  3:55  SCV  
  39  3:57  Supply Depot  
  39  4:17  SCV x2  
  39  4:20  Factory Tech Lab  
  39  4:23  Siege Tank  
  44  4:29  SCV x2  
  46  4:38  Siege Tank  
  46  4:41  SCV x2, Marine  
  46  4:42  Supply Depot  
  52  4:49  Supply Depot  
  52  4:53  SCV x2  
  52  4:58  Siege Tank  
  57  5:05  SCV x2  
  59  5:08  Refinery  
  59  5:11  Barracks Tech Lab, Hellion, Refinery  
  61  5:17  SCV x2  
  63  5:29  Orbital Command  
  63  5:30  SCV  
  63  5:31  Hellion  
  63  5:32  Hellion  
  68  5:36  Supply Depot  
  68  5:42  SCV  
  69  5:45  Marauder  
  69  5:47  Armory  
  71  5:52  Hellion  
  71  5:54  SCV  
  74  5:57  Command Center  
  74  6:06  Marauder  
  77  6:11  SCV, Supply Depot  
  77  6:12  SCV  
  78  6:21  Armory  
  78  6:23  SCV  
  78  6:24  SCV  
  80  6:28  Marauder  
  80  6:30  Factory  
  82  6:33  Siege Tank  
  82  6:35  SCV, Supply Depot, Terran Vehicle Weapons Level 1  
  82  6:37  SCV  
  87  6:42  Siege Tank  
  90  6:47  SCV  
  90  6:48  Infernal Pre-Igniter  
  90  6:49  Marauder  
  93  6:55  Engineering Bay  
  93  7:00  SCV  
  93  7:01  Supply Depot  
  93  7:05  Hellion  
  95  7:08  Terran Vehicle And Ship Armor Level 1  
  95  7:10  SCV  
  95  7:11  SCV, Marauder  
  95  7:13  SCV  
  100  7:21  Terran Infantry Weapons Level 1  
  100  7:22  SCV, Engineering Bay  
  101  7:23  SCV  
  101  7:25  SCV  
  101  7:29  Hellion  
  105  7:32  Marauder  
  105  7:34  SCV  
  105  7:37  Thor  
  108  7:38  SCV  
  108  7:39  SCV  
  108  7:41  Supply Depot  
  116  7:46  SCV  
  116  7:47  Terran Infantry Armor Level 1  
  116  7:50  Thor, SCV  
  124  7:52  SCV  
  124  7:53  Missile Turret  
  124  7:55  Missile Turret  
  125  8:03  SCV, Marauder  
  128  8:06  SCV  
  128  8:07  SCV  
  130  8:12  Missile Turret  
  130  8:14  Missile Turret  
  130  8:15  SCV, Supply Depot, Factory Tech Lab  
  131  8:20  Orbital Command  
  131  8:31  Refinery  
  131  8:34  Refinery  
  131  8:36  Missile Turret  
  131  8:37  Thor, Siege Tank  
  131  8:39  Supply Depot  
  140  8:56  Missile Turret  
  140  8:57  SCV  
  140  9:01  SCV x2, Siege Tank  
  146  9:03  Supply Depot  
  146  9:14  Barracks  
  146  9:16  Missile Turret  
  146  9:18  Command Center  
  146  9:24  Thor, Widow Mine  
  146  9:27  Supply Depot  
  146  9:28  Starport  
  146  9:30  Marauder  
  155  9:33  Marine  
  150  9:39  Hellion  
  138  9:51  Marine x2  
  138  9:53  Supply Depot, Hellion  
  138  9:59  Widow Mine  
  140  10:00  Marine  
  140  10:04  Starport Tech Lab, Missile Turret  
  143  10:07  Barracks, Hellion  
  143  10:09  Marauder  
  143  10:10  Barracks Tech Lab  
  147  10:15  Hellion  
  147  10:16  Starport  
  147  10:17  Supply Depot  
  147  10:18  Marine  
  149  10:36  Barracks Reactor  
  149  10:41  Refinery  
Tags
 
Composition
Mech
League
Platinum
Matchup
PvT
Replay Pack
First 100 games
Spawn Locations
Cross Positions
Add a new tag
Caveats
  • Supply blocks, unpowered buildings, or Contaminate may cause inaccurate times.
  • Supply counts are checked every 10 seconds.